 Dungeon Crawl Stone Soup version 0.32-a0-450-g080537f31e (webtiles) character file.

Game seed: 11455055858029796489

155 yadon the Trooper (level 5, -15/42 HPs)
             Began as a Demonspawn Fighter on Feb 23, 2024.
             Demolished by a +1 heavy great sword (25 damage)
             ... created by the rancor of the Wu Jian Council
             ... on level 3 of the Dungeon.
             The game lasted 00:04:08 (2757 turns).

yadon the Trooper (Demonspawn Fighter)              Turns: 2757, Time: 00:04:09

Health: -15/42     AC: 12    Str: 18    XL:     5   Next: 14%
Magic:  5/5        EV:  9    Int:  9    God:
Gold:   35         SH:  4    Dex: 12    Spells: 4/4 levels left

rFire   . . .        a - +1 war axe
rCold   . . .        c - +0 buckler
rNeg    . . .        b - +0 scale mail
rPois   .            (no helmet)
rElec   .            (no cloak)
rCorr   .            (no gloves)
SInv    .            (no boots)
Will    .....        (no amulet) Stlth
                     (no ring)
HPRegen 0.27/turn    (no ring)
MPRegen 0.09/turn

%: no passive effects
@: sanguine armoured, slowed, very slow
A: demonic guardian 2, sanguine armour 1
a: no special abilities


You were on level 3 of the Dungeon.
You visited 1 branch of the dungeon, and saw 3 of its levels.

You collected 35 gold pieces.

Inventory:

Hand Weapons
 a - a +1 war axe (weapon)
Armour
 b - a +0 scale mail (worn)
 c - a +0 buckler (worn)
Scrolls
 j - 2 scrolls of identify
 o - a scroll of enchant armour
Potions
 d - 2 potions of might
 e - a potion of heal wounds
 f - 4 potions of curing
 k - a potion of enlightenment
 n - a potion of berserk rage


   Skills:
 + Level 3.7 Fighting
 + Level 3.1 Axes
 + Level 3.5 Armour
 + Level 0.4 Dodging
 + Level 0.1 Stealth
 + Level 3.1 Shields


You had 4 spell levels left.
You didn't know any spells.
Your spell library was empty.

Dungeon Overview and Level Annotations

Branches:
Dungeon (3/15)

Altars:
Fedhas
Wu Jian


Innate Abilities, Weirdness & Mutations

A demonic guardian rushes to your aid.
When seriously injured, your blood forms armour. (AC +6)


Message History

You start waiting.
You start waiting.
You start waiting.
You start waiting.
You start waiting.
You start waiting.
You start waiting.
You start waiting.
You start waiting.
You start waiting.
You start waiting.
You start waiting.
You start waiting.
You start waiting.
You start waiting.
You start waiting.
You start waiting.
You start waiting.
You start waiting.
Sifu Yunchang whispers: Nowhere to run... 5 dancing weapons come into view.
There is a +4 dire flail of freezing.
There is a +2 broad axe of speed.
There is a +1 great sword of electrocution.
There is a +1 heavy great sword.
There is a +3 heavy dire flail.
There are monsters nearby!
There are monsters nearby!
There are monsters nearby!
You hit the +1 heavy great sword but do no damage.
You hit the +1 heavy great sword.
The +1 heavy great sword is severely damaged.
The +4 dire flail of freezing hits you!
The +4 dire flail of freezing freezes you.
The +1 heavy great sword barely misses you.
The +3 heavy dire flail hits you!
Your blood congeals into armour.
The +2 broad axe of speed hits you but does no damage.
The +1 great sword of electrocution hits you.
* * * LOW HITPOINT WARNING * * *
You block the +4 dire flail of freezing's attack.
The +2 broad axe of speed hits you but does no damage.
The +1 heavy great sword hits you!!
Ouch! That really hurt!
You die...

..........#..#.#...# #.######
##........#..#.#...# #.#
.#........#..#.#...####.#
.#........#....#...#....###
.#........#....#..........#
......###)#.<..#..........#
.............#.#..........#
.............+.#((....#####
.............###@(....# ####
###............((.....# ##...
.#####................# #..⌠.
...................#'## #.#..
...................#.# #.#⌠.
...................#.########.#..
########.........#.#...........⌠.
......##.......#.#.############.#
......##.......#'#.#### #.#


You could see 5 dancing weapons.

Vanquished Creatures
  A bombardier beetle (D:3)
  A hound (D:3)
  An iguana (D:3)
  An adder (D:2)
  2 ribbon worms (D:2)
  3 dart slugs
  3 endoplasms (D:1)
  11 goblins
  3 hobgoblins
  2 quokkas
  4 ball pythons
  5 bats
  3 frilled lizards
  5 kobolds
  6 rats
51 creatures vanquished.

Notes
Turn   | Place    | Note
-------+----------+-------------------------------------------
     0 | D:1      | yadon the Demonspawn Fighter began the quest for the Orb.
     0 | D:1      | Reached XP level 1. HP: 18/18 MP: 1/1
    58 | D:1      | Gained mutation: When seriously injured, your blood forms
                  | armour. (AC +6) [demonic ancestry]
    58 | D:1      | Reached XP level 2. HP: 24/24 MP: 2/2
   464 | D:1      | You fall into a shaft and drop 1 floor!
   476 | D:2      | Gained mutation: A weak demonic guardian rushes to your
                  | aid. [demonic ancestry]
   476 | D:2      | Reached XP level 3. HP: 8/29 MP: 3/3
  1708 | D:3      | Found a blossoming altar of Fedhas.
  1751 | D:3      | Found a faded altar of an unknown god.
  1767 | D:3      | Prayed at the altar of an unknown god.
  1767 | D:3      | Became a worshipper of the Wu Jian Council
  1767 | D:3      | Reached * piety under Wu Jian
  1774 | D:3      | Fell from the grace of Wu Jian
  1808 | D:3      | Reached XP level 4. HP: 15/37 MP: 4/4
  2080 | D:3      | Gained mutation: A demonic guardian rushes to your aid.
                  | [demonic ancestry]
  2080 | D:3      | Reached XP level 5. HP: 40/42 MP: 5/5
  2756 | D:3      | Noticed a +4 dire flail of freezing
  2756 | D:3      | Noticed a +2 broad axe of speed
  2756 | D:3      | Noticed a +1 great sword of electrocution
  2756 | D:3      | Noticed a +1 heavy great sword
  2756 | D:3      | Noticed a +3 heavy dire flail
  2757 | D:3      | Demolished by a +1 heavy great sword

Illustrated notes

Levels and vault maps discovered:
D:1:      dpeg_arrival_shelter, layout_loops_ring
D:2:      layout_basic
D:3:      layout_basic, fedhas_altar_2, mainiacjoe_overflow_paths,
          hellmonk_ecumenical_altar_run_dry, chequers_garden

Skill      XL: |  1  2  3  4 |
---------------+-------------+-----
Armour         | 3 |  3.5
Shields        | 3 |  3.1
Axes           | 2 3 |  3.1
Fighting       | |  3.7
Dodging        | |  0.4
Stealth        | |  0.1

Action                     |  1- 3 |  4- 6 || total
---------------------------+-------+-------++-------
  Melee: War axe           |   108 |    15 ||   123
 Invoke: Renounce Religion |     1 |       ||     1
    Use: Scroll            |       |     5 ||     5
         Potion            |       |     6 ||     6
   Stab: Distracted        |     1 |       ||     1
 Armour: Scale mail        |   109 |    16 ||   125
  Dodge: Dodged            |    57 |     9 ||    66
  Block: Buckler           |    28 |     7 ||    35

Table legend: (Time is in decaauts)
 A = Elapsed time spent in this place.
 B = Non-inter-level travel time spent in this place.
 C = Inter-level travel time spent in this place.
 D = Time resting spent in this place.
 E = Time spent auto-exploring this place.
 F = Levels seen in this place.
 G = Mean time per level.
                   A        B        C        D        E       F      G
               +--------+--------+--------+--------+--------+-----+--------+
         Total |   2818 |   2818 |      0 |    639 |   1445 |   3 |  939.3 |
       Dungeon |   2818 |   2818 |      0 |    639 |   1445 |   3 |  939.3 |
               +--------+--------+--------+--------+--------+-----+--------+

Top non-repeatable levels by time:
     D:3: 1201 daAuts
     D:2: 1136 daAuts
     D:1: 481 daAuts
